Match 46796329
Unlisted

Match 46796329
End
Selects Italian Combined Arms Battlegroup
Selects Bersaglieri Squad
Bersaglieri Squad
250 Light Carrier
Bersaglieri Squad
Construct Light Support Kompanie
Selects Bersaglieri Bolster
Construct Mechanized Kompanie
Bersaglieri Squad
Support Armor Elements
MG34 Team
Panzerjäger Mechanized Group
Selects Breda Model 30 Light Machine Guns
StuG III D Assault Gun
Marder III Tank Destroyer
Veteran Squad Leaders
Selects Semovente da 75/18 Assault Gun
StuG III D Assault Gun
Semovente da 75/18 Assault Gun
Selects Strafing Run
Strafing Run
254 Reconnaissance Tractor
Strafing Run
MG34 Team
Strafing Run
Selects Pact of Steel
Strafing Run
Panzerpioneer Squad
254 Reconnaissance Tractor
2.5-tonne Medical Truck
Strafing Run
Strafing Run
<Alpha>saltingfish
SWORD SOUL
....
Boneless
Arwootarch
BazookaJoe
0
0

Comments sign in to comment!

No comments posted yet!